 Dungeon Crawl Stone Soup version 0.27-a0-1196-g3e9cee4cb2 (webtiles) character file.

Game seed: 17419390502741093863

3093 EldarEldrad the Cleaver (level 9, 0/70 HPs)
             Began as a Hill Orc Fighter on May 27, 2021.
             Succumbed to a killer bee's poison
             ... on level 8 of the Dungeon on May 28, 2021.
             The game lasted 00:45:39 (10349 turns).

EldarEldrad the Cleaver (Hill Orc Fighter)         Turns: 10349, Time: 00:45:39

Health: 0/70       AC: 13    Str: 22    XL:     9   Next: 90%
Magic:  9/9        EV:  6    Int: 14    God:
Gold:   412        SH: 11    Dex: 10    Spells: 8/8 levels left

rFire    + . .     SeeInvis .   a - +1 war axe
rCold    . . .     Faith    .   c - +0 kite shield
rNeg     . . .     Spirit   .   E - +0 chain mail
rPois    .         Reflect  .   f - +0 helmet
rElec    .         Harm     .   C - +0 cloak
rCorr    .         Rampage  .   (no gloves)
Will     .....                  (no boots)
Stlth    ..........             (no amulet)
HPRegen  0.21/turn              k - +6 ring of intelligence
MPRegen  0.11/turn              O - ring of protection from fire

@: mighty, lethally poisoned (0 -> -11)
A: no striking features
a: no special abilities


You were on level 8 of the Dungeon.
You visited 2 branches of the dungeon, and saw 9 of its levels.

You collected 412 gold pieces.

Inventory:

Hand Weapons
 a - a +1 war axe (weapon)
 d - a +0 flail
 R - a +1 vorpal mace
Missiles
 q - 3 atropa-tipped darts (quivered)
 s - 12 boomerangs
 B - a throwing net
 J - 15 poisoned darts
Armour
 c - a +0 kite shield (worn)
 f - a +0 helmet (worn)
 n - a +0 plate armour
 u - a +1 scale mail of fire resistance
 C - a +0 cloak (worn)
 E - a +0 chain mail (worn)
Jewellery
 k - a +6 ring of intelligence (left hand)
 x - an amulet of faith
 G - a ring of wizardry
 O - a ring of protection from fire (right hand)
Wands
 t - a wand of iceblast (3)
 v - a wand of polymorph (3)
 D - a wand of flame (11)
 Q - a wand of charming (8)
Scrolls
 l - a scroll of fear
 r - 4 scrolls of identify {unknown}
 w - a scroll of brand weapon {unknown}
 y - a scroll of immolation
 z - 2 scrolls of enchant weapon
 A - a scroll of silence {unknown}
 F - a scroll of holy word {unknown}
 K - a scroll of enchant armour {unknown}
 L - a scroll of noise {unknown}
 N - a scroll of teleportation
 P - a scroll of blinking {unknown}
Potions
 b - a potion of haste {unknown}
 e - 2 potions of lignification {unknown}
 g - 3 potions of curing {unknown}
 h - a potion of invisibility {unknown}
 i - a potion of degeneration {unknown}
 j - 2 potions of magic {unknown}
 m - 4 potions of attraction {unknown}
 p - a potion of heal wounds {unknown}
 H - a potion of cancellation {unknown}
 I - a potion of ambrosia {unknown}
 M - a potion of berserk rage {unknown}


   Skills:
 - Level 3.6 Fighting
 * Level 12.4 Axes
 + Level 8.1 Armour
 + Level 8.1 Shields


You had 8 spell levels left.
You didn't know any spells.
Your spell library contained the following spells:

 Spells                   Type           Power      Damage    Failure   Level
 Animate Skeleton         Necr           0%         N/A       99%         1
 Corona                   Hex            0%         N/A       99%         1
 Freeze                   Ice            0%         1d3       99%         1
 Magic Dart               Conj           0%         1d3       99%         1
 Pain                     Necr           0%         1d4       99%         1
 Blink                    Tloc           N/A        N/A       100%        2
 Call Imp                 Summ           0%         N/A       100%        2
 Searing Ray              Conj           0%         3d3       100%        2
 Slow                     Hex            0%         N/A       100%        2
 Conjure Flame            Conj/Fire      0%         6-21      100%        3
 Dazzling Flash           Conj/Hex       0%         N/A       100%        3
 Frozen Ramparts          Ice            0%         1d2       100%        3
 Inner Flame              Hex/Fire       0%         N/A       100%        3
 Mephitic Cloud           Conj/Pois/Air  0%         N/A       100%        3
 Ozocubu's Armour         Ice            0%         N/A       100%        3
 Portal Projectile        Hex/Tloc       0%         N/A       100%        3
 Vampiric Draining        Necr           0%         2d6       100%        3
 Animate Dead             Necr           0%         N/A       100%        4
 Cause Fear               Hex            0%         N/A       100%        4
 Fulminant Prism          Conj/Hex       0%         3d6       100%        4
 Hailstorm                Conj/Ice       0%         3d3       100%        4
 Iskenderun's Mystic Bla  Conj/Tloc      0%         2d3       100%        4
 Leda's Liquefaction      Hex/Erth       0%         N/A       100%        4
 Agony                    Necr           0%         N/A       100%        5
 Metabolic Englaciation   Hex/Ice        0%         N/A       100%        5


Dungeon Overview and Level Annotations

Branches:
Dungeon (8/15)             Temple (1/1) D:4
   Lair: D:8-11

Altars:
Ashenzari
Cheibriados
Dithmenos
Elyvilon
Gozag
Kikubaaqudgha
Makhleb
Nemelex Xobeh
Qazlal
Sif Muna
Uskayaw
Wu Jian
Yredelemnul
The Shining One

Shops:
D:1 =   D:5 =


Message History

The killer bee is lightly wounded.
You feel sick. You block the killer bee's attack. x2
You miss the killer bee.
The killer bee is lightly wounded.
You feel sick. The killer bee barely misses you.
The killer bee stings you but does no damage.
You block the killer bee's attack.
You hit the killer bee but do no damage.
The killer bee is lightly wounded.
You feel sick. The killer bee stings you. x2
You slash the killer bee!
The killer bee is severely wounded.
You feel sick.
You are no longer poisoned.
You block the killer bee's attack. The killer bee stings you.
You completely miss the killer bee.
The killer bee is severely wounded.
The killer bee stings you.
* * * LOW HITPOINT WARNING * * *
The killer bee stings you but does no damage.
You feel very mighty all of a sudden. You block the killer bee's attack.
The killer bee stings you.
* * * LOW HITPOINT WARNING * * *
You are poisoned.
The killer bee poisons you!
You miss the killer bee.
The killer bee is severely wounded.
You feel very sick.
The killer bee stings you but does no damage.
You closely miss the killer bee.
The killer bee is severely wounded.
You feel sick. The killer bee stings you.
* * * LOW HITPOINT WARNING * * *
You are lethally poisoned!
The killer bee poisons you! The killer bee stings you!
* * * LOW HITPOINT WARNING * * *
The killer bee barely misses you.
As you read the scroll of fear, it crumbles to dust.
You assume a fearsome visage.
The killer bee looks frightened! x3
You die...

.. .. #. ### #.##
##.##...##..
###...#.......
#.y...........
##yy.....#....
###@##.....#........
#....#.......#......
##...#........#......
#.......#...##.....
##..#...#........##
#.##.............###
#####..##.....(...##
#...#.........#.
##..##.###.#....


You could see 3 killer bees.

Vanquished Creatures
  Grinder (D:4)
  A steam dragon (D:8)
  Menkaure (D:7)
  Duvessa (D:6)
  A water moccasin (D:6)
  An orc warrior (D:5)
  An ice beast (D:8)
  3 ogres (D:4)
  2 black bears
  A centaur (D:8)
  A phantom (D:5)
  3 bullfrogs
  2 scorpions
  Dowan (D:6)
  A wyvern skeleton (D:7)
  12 killer bees
  A water moccasin skeleton (D:4)
  2 howler monkeys
  A jelly (D:7)
  2 orc priests
  4 hounds
  A centaur skeleton (D:5)
  2 iguanas
  2 orc wizards
  Terence (D:3)
  A hound skeleton (D:5)
  13 adders
  A shadow imp (D:6)
  A white imp (D:7)
  2 ufetubi (D:5)
  An adder zombie (D:5)
  3 worms
  3 dart slugs
  20 orcs
  3 endoplasms
  6 giant cockroaches
  8 goblins
  8 hobgoblins
  6 kobolds
  5 quokkas
  3 ball pythons
  3 bats
  A frilled lizard (D:2)
  6 rats
143 creatures vanquished.

Vanquished Creatures (others)
  A quokka (D:8)
1 creature vanquished.

Grand Total: 144 creatures vanquished

Notes
Turn   | Place    | Note
-------+----------+-------------------------------------------
     0 | D:1      | EldarEldrad the Hill Orc Fighter began the quest for the
                  | Orb.
     0 | D:1      | Reached XP level 1. HP: 19/19 MP: 1/1
     0 | D:1      | Noticed a vampire
     1 | D:1      | Noticed a troll
     2 | D:1      | Noticed an elf
     4 | D:1      | Noticed an ogre
     6 | D:1      | Noticed a vampire
     7 | D:1      | Noticed a centaur
     8 | D:1      | Noticed a human
    11 | D:1      | Noticed a felid
    13 | D:1      | Noticed a naga
    13 | D:1      | Noticed a dwarf
    15 | D:1      | Noticed a spriggan
    15 | D:1      | Noticed a draconian
    17 | D:1      | Noticed a spriggan
    17 | D:1      | Noticed a vampire
    17 | D:1      | Noticed a formicid
    19 | D:1      | Noticed an elf
    19 | D:1      | Noticed a naga
   299 | D:1      | Reached skill level 3 in Axes
   300 | D:1      | Found Xirghevo's Jewellery Shop.
   387 | D:1      | Reached XP level 2. HP: 26/26 MP: 2/2
   700 | D:1      | Found a faded altar of an unknown god.
   781 | D:1      | Reached XP level 3. HP: 29/31 MP: 3/3
  1154 | D:2      | Reached skill level 4 in Axes
  1606 | D:2      | Reached XP level 4. HP: 39/39 MP: 4/4
  2060 | D:2      | Reached skill level 5 in Axes
  2060 | D:2      | Reached XP level 5. HP: 42/45 MP: 5/5
  2684 | D:3      | Noticed Terence
  2697 | D:3      | Killed Terence
  3735 | D:4      | Reached skill level 6 in Axes
  3735 | D:4      | Reached XP level 6. HP: 51/51 MP: 6/6
  3944 | D:4      | Noticed Grinder
  4361 | D:4      | Found a sparkling altar of Nemelex Xobeh.
  4564 | D:4      | Reached skill level 7 in Axes
  4564 | D:4      | Reached skill level 5 in Armour
  4564 | D:4      | Reached skill level 5 in Shields
  4564 | D:4      | Reached XP level 7. HP: 55/57 MP: 7/7
  4572 | D:4      | Found a staircase to the Ecumenical Temple.
  4582 | Temple   | Entered the Ecumenical Temple
  5005 | D:4      | Paralysed by Grinder for 6 turns
  5014 | D:4      | Killed Grinder
  5129 | D:5      | Entered Level 5 of the Dungeon
  5394 | D:5      | Reached skill level 8 in Axes
  5759 | D:5      | Reached XP level 8. HP: 5/64 MP: 8/8
  6265 | D:5      | Found Kianutu's Jewellery Boutique.
  6505 | D:4      | Reached skill level 9 in Axes
  7132 | D:5      | Identified the +2 robe "Earthly Heaven" {Will++}
  7496 | D:6      | Noticed Duvessa
  7517 | D:6      | Noticed Dowan
  7534 | D:6      | Killed Duvessa
  7535 | D:6      | Reached skill level 10 in Axes
  7543 | D:6      | Killed Dowan
  7853 | D:6      | Found a stormy altar of Qazlal.
  8396 | D:6      | Reached XP level 9. HP: 47/70 MP: 9/9
  8572 | D:7      | Found a hide-covered altar of Uskayaw.
  8699 | D:7      | Found a shimmering blue altar of Sif Muna.
  8895 | D:7      | Reached skill level 11 in Axes
  9172 | D:7      | Noticed Menkaure
  9202 | D:7      | Killed Menkaure
  9914 | D:8      | Reached skill level 12 in Axes
  9940 | D:8      | Found a white marble altar of Elyvilon.
 10348 | D:8      | HP: 3/70 [killer bee (7)]
 10349 | D:8      | Succumbed to a killer bee's poison

Illustrated notes

Levels and vault maps discovered:
D:1:      shiori_arrival_whats_in_store_for_you, layout_basic, serial_shops,
          shop, basic_ecumenical_altar
D:2:      layout_loops_ring, hangedman_feature_mirror, minmay_hexomino_p4
D:3:      layout_loops_ring, uniq_terence
D:4:      layout_rooms, nemelex_dance_club_becter,
          minmay_temple_entry_glassed_door, uniq_grinder
D:5:      layout_basic, serial_shops, shop_fountains, saegor_snake_ambush
D:6:      layout_cave_pools, grunt_qazlal_sundering,
          chequers_serial_rivers_small_3, uniq_duvessa
D:7:      layout_loops_ring, nicolae_overflow_hidden_temple, kennysheep_mini,
          uniq_menkaure
D:8:      layout_cave_pools, elyvilon_altar_4
Temple:   jpeg_temple_island

Skill      XL: |  1  2  3  4  5  6  7  8  9 |
---------------+----------------------------+-----
Axes           | 3 4 5 6 7 8 10 12 | 12.4
Armour         | 4 5 7 8 |  8.1
Shields        | 4 5 7 8 |  8.1
Fighting       | |  3.6

Action                   |  1- 3 |  4- 6 |  7- 9 || total
-------------------------+-------+-------+-------++-------
Melee: War axe           |    88 |   174 |   370 ||   632
       Unarmed           |       |     8 |       ||     8
Throw: Boomerang         |       |     8 |     6 ||    14
       Dart              |       |     3 |     9 ||    12
Evoke: Wand              |       |     2 |    11 ||    13
  Use: Scroll            |       |     2 |     3 ||     5
       Potion            |       |       |     2 ||     2
Armor: Scale mail        |    33 |    69 |    62 ||   164
       Chain mail        |       |       |   146 ||   146
Dodge: Dodged            |    17 |    47 |   102 ||   166
Block: Kite shield       |    50 |    96 |   235 ||   381

Table legend: (Time is in decaauts)
 A = Elapsed time spent in this place.
 B = Non-inter-level travel time spent in this place.
 C = Inter-level travel time spent in this place.
 D = Time resting spent in this place.
 E = Time spent auto-exploring this place.
 F = Levels seen in this place.
 G = Mean time per level.
                   A        B        C        D        E       F      G
               +--------+--------+--------+--------+--------+-----+--------+
         Total |  10635 |  10215 |    420 |   3853 |   3942 |   9 | 1181.7 |
       Dungeon |  10397 |   9998 |    399 |   3853 |   3727 |   8 | 1299.6 |
        Temple |    238 |    217 |     21 |      0 |    215 |   1 |  238.0 |
               +--------+--------+--------+--------+--------+-----+--------+

Top non-repeatable levels by time:
     D:5: 2008 daAuts
     D:4: 1568 daAuts
     D:3: 1455 daAuts
     D:7: 1377 daAuts
     D:2: 1288 daAuts
     D:1: 1125 daAuts
     D:6: 984 daAuts
     D:8: 588 daAuts
  Temple: 238 daAuts
